[Event "*** Titled Tuesday Blitz"]
[Site "Chess.com"]
[Date "2020.11.03"]
[Round "1"]
[White "AndrewMcStone"]
[Black "vanyakuba"]
[Result "0-1"]
[WhiteElo "2119"]
[BlackElo "2516"]
[TimeControl "180+1"]
[EndTime "10:07:45 PST"]
[Termination "vanyakuba won on time"]

1. d4 d5 2. c4 e6 3. Nc3 c5 4. cxd5 cxd4 5. Qa4+ Bd7 6. Qxd4 exd5 7. Qxd5 Nc6 8. Qd1 Nf6 9. Nf3 Bc5 10. e3 Qe7 11. Be2 O-O-O 12. O-O g5 13. b4 Bxb4 14. Qc2 Kb8 15.
Rb1 g4 16. Ne1 h5 17. Nb5 h4 18. Rxb4 Nxb4 19. Qc7+ Ka8 20. Nd6 Rb8 21. Ba3 Nfd5 22. Qc5 Rhc8 23. Qa5 Qxd6 24. Nd3 b6 25. Bxb4 Nxb4 26.
Qxb4 Qxb4 27. Nxb4 Be6 28. Na6 Rb7 29. h3 f5 30.
hxg4 fxg4 31. f3 g3 32. f4 b5 33. Bf3 Rd8 34. Nc5 Bc8 35. Nxb7 Bxb7 36. Bxb7+ Kxb7 37. f5 Kc6 38. f6 Kd5 39. f7 Rf8 40. Rf5+ Ke4 41.
Rxb5 Rxf7 42. Rb4+ Kxe3 0-1

[Event "*** Titled Tuesday Blitz"]
[Site "Chess.com"]
[Date "2020.11.03"]
[Round "1"]
[White "Anton_Demchenko"]
[Black "Eliwood44"]
[Result "0-1"]
[WhiteElo "2843"]
[BlackElo "2452"]
[TimeControl "180+1"]
[EndTime "10:07:46 PST"]
[Termination "Eliwood44 won on time"]

1. e4 e5 2. Nf3 Nc6 3. Bc4 Nf6 4. d3 h6 5. O-O Bd6 6. Nbd2 O-O 7. c3 Re8 8. Bb3 Bf8 9. Re1 d6 10. h3 Be6 11.
Ba4 Bd7 12. Nf1 Nh5 13. d4 g6 14. N1h2 Nf6 15. Bc2 Bg7 16. Bd2 Kh7 17. a4 a5 18.
dxe5 dxe5 19. Qe2 Qe7 20. Bd3 Rad8 21. Bb5 Nb8 22. Nf1 c6 23. Bc4 Nh5 24. Rad1 Be6 25.
Be3 Nd7 26. Bxe6 Qxe6 27. N1d2 Nf8 28. Nc4 Rxd1 29. Rxd1 Ra8 30. Nb6 Re8 31. Qc4 Qf6 32. Qf1 Ne6 33. Nd7 Qe7 34. g3 Nf6 35. Nxf6+ Bxf6 36. h4 Bg7 37. Qc4 f5 38. exf5 gxf5 39. Re1 Kh8 40. Bc1 Qf6 41. Rxe5 f4 42. g4 Qg6 43.
g5 Bxe5 44. Nxe5 Qf5 45. Nf3 Qg4+ 46. Kf1 Qxf3 0-1

[Event "*** Titled Tuesday Blitz"]
[Site "Chess.com"]
[Date "2020.11.03"]
[Round "1"]
[White "Sjakkerntobi"]
[Black "ShimanovAlex"]
[Result "0-1"]
[WhiteElo "2401"]
[BlackElo "2808"]
[TimeControl "180+1"]
[EndTime "10:07:46 PST"]
[Termination "ShimanovAlex won by resignation"]

1. e4 e6 2. d4 d5 3. Nd2 Nc6 4. Ngf3 Nf6 5. e5 Nd7 6. Bb5 a5 7. O-O Na7 8. Bd3 c5 9. c3 Nc6 10. a3 Be7 11. Qe2 Qb6 12. dxc5 Nxc5 13. Bc2 a4 14. c4 O-O 15. Re1 Rd8 16. cxd5 exd5 17. Rb1 d4 18. Bd3 Be6 19. Ne4 Nxd3 20. Qxd3 Qa6 21. Qxa6 Rxa6 22. Bg5 Bxg5 23. Nexg5 Bb3 24. Nd2 Ra5 25. f4 Rc5 26. Rbc1 Rxc1 27. Rxc1 Bd5 28.
Rc5 f6 29. exf6 gxf6 30. Nge4 Kf7 31. Nf2 Kg7 32. Rb5 Ne7 33. Nd3 Bc6 34. Rb4 Nf5 35.
b3 Ne3 36. bxa4 Nxg2 37. a5 Nh4 38. Kf2 Nf5 39. Rb6 Rc8 40. Nb4 Bh1 41. a6 bxa6 42.
Rxa6 Rc3 43. Ra5 Ne3 44. Ra7+ Kg6 45. Rd7 Nf5 46. a4 Ra3 47. Nd5 Ra2 48. Ke2 Bxd5 49. Rxd5 Rxa4 50. Nf3 Ra2+ 51. Kf1 Ne3+ 52. Kg1 Nxd5 53.
Nxd4 Nxf4 54. h4 Ne2+ 55. Nxe2 Rxe2 0-1

[Event "*** Titled Tuesday Blitz"]
[Site "Chess.com"]
[Date "2020.11.03"]
[Round "1"]
[White "shnitez"]
[Black "paulrusan"]
[Result "1/2-1/2"]
[WhiteElo "2531"]
[BlackElo "2175"]
[TimeControl "180+1"]
[EndTime "10:07:46 PST"]
[Termination "Game drawn - insufficient material"]

1. e4 g6 2. h4 h5 3. Bc4 d6 4.
Nc3 Bg7 5. Nh3 Bxh3 6. Rxh3 Nf6 7. d3 c5 8. Bg5 Nc6 9. a3 O-O 10. Bxf6 Bxf6 11. g4 hxg4 12. Qxg4 Ne5 13. Qg2 Nxc4 14. dxc4 Kg7 15. h5 Rh8 16. hxg6 Rxh3 17. gxf7+ Kxf7 18. Qxh3 Qh8 19. Qf3 Rg8 20. O-O-O Ke8 21. Na4 Be5 22.
Qb3 b6 23. Qb5+ Kf7 24. Qd7 Rg2 25. Qxa7 Rxf2 26. Qxb6 Qh4 27. Qb7 Qf4+ 28. Kb1 Rf1 29. Qd5+ e6 30. Qd3 Rxd1+ 31. Qxd1 Qxe4 32. Nb6 Ke7 33. a4 Kd8 34. a5 Kc7 35. b3 Kc6 36.
Na4 Qd4 37. Qxd4 Bxd4 38. c3 Bf6 39. Kc2 d5 40. Kd3 Bd8 41. cxd5+ exd5 42. b4 c4+ 43. Kd4 Bf6+ 44. Ke3 Kb5 45. a6 Kc6 46. Kf4 d4 47. cxd4 Bxd4 48. Ke4 Ba7 49. Kf3 Kb5 50. Nb2 Kxb4 51. Nxc4 Kxc4 52. Ke4 Kb5 53. Kf3 Kxa6 1/2-1/2

[Event "*** Titled Tuesday Blitz"]
[Site "Chess.com"]
[Date "2020.11.03"]
[Round "1"]
[White "Sanyura"]
[Black "PetrolulSah"]
[Result "0-1"]
[WhiteElo "2515"]
[BlackElo "2173"]
[TimeControl "180+1"]
[EndTime "10:07:47 PST"]
[Termination "PetrolulSah won by checkmate"]

1. e4 e5 2. Nf3 Nf6 3. Nxe5 d6 4.
Nf3 Nxe4 5. Nc3 Nf6 6. d4 d5 7.
Bd3 Be7 8. O-O Nc6 9. h3 O-O 10. Ne2 Nb4 11. Ng3 Nxd3 12. Qxd3 Re8 13. Re1 c6 14.
Nf5 Bb4 15. Rxe8+ Qxe8 16. Bg5 Bxf5 17. Qxf5 Qe6 18. Qxe6 fxe6 19. c3 Bd6 20. Re1 Re8 21. Bc1 Nd7 22. Kf1 h6 23. g4 Kf7 24.
g5 h5 25. Kg2 g6 26. Re3 e5 27.
dxe5 Nxe5 28. Nxe5+ Rxe5 29. Rf3+ Rf5 30. Rxf5+ gxf5 31. Kf3 Kg6 32. h4 Be5 33. Bf4 Bg7 34. Be3 a6 35. Bd4 Bf8 36. Kf4 Bd6+ 37. Be5 Bc5 38.
Kf3 Kf7 39. Bf6 Bd6 40. Bd4 Kg6 41. Be3 Bc7 42. Bf4 Bb6 43. Bd6 Kf7 44. Be5 Kg6 45. Bd6 Kf7 46. Kf4 Bxf2 47. Kxf5 Bxh4 48. g6+ Kg8 49. Ke6 Bf2 50. Kd7 h4 51. Be7 Bg3 52. Bc5 h3 53. Bg1 h2 54. Bxh2 Bxh2 55. Kc8 b6 56. Kb7 c5 57. Kxa6 d4 58. Kxb6 d3 59.
a4 d2 60. a5 d1=Q 61. a6 Qb3+ 62. Ka7 c4 63. g7 Bc7 64. Ka8 Qb8# 0-1

[Event "*** Titled Tuesday Blitz"]
[Site "Chess.com"]
[Date "2020.11.03"]
[Round "1"]
[White "GM4life"]
[Black "Pelopidass"]
[Result "1-0"]
[WhiteElo "2325"]
[BlackElo "2586"]
[TimeControl "180+1"]
[EndTime "10:07:48 PST"]
[Termination "GM4life won by resignation"]

1. e4 c5 2. Nf3 d6 3. d4 cxd4 4.
Nxd4 Nf6 5. Nc3 a6 6. h3 e5 7. Nb3 Be7 8. f4 Nbd7 9. Be2 Qb6 10. Qd3 exf4 11. Bxf4 Ne5 12. Qd2 Be6 13.
O-O-O Rc8 14. g4 h6 15. Kb1 Qc7 16. Nd4 b5 17. Nf5 Bxf5 18. exf5 b4 19. Na4 Ne4 20. Qxb4 Qxc2+ 21. Ka1 Qxe2 22. Rhe1 Qb5 23. Rxe4 Qxb4 24. Rxb4 Bf6 25. Nb6 Rb8 26. Nd5 Rxb4 27. Nxb4 a5 28.
Nd5 Bd8 29. Nc3 Ke7 30. Nb5 Nc4 31. b3 Nb6 32. Bxd6+ Kf6 33. Bc5 Nc8 34. Bd4+ Kg5 35. Bxg7 Re8 36. Bb2 Re2 37. Bc1+ Kh4 38. Rxd8 Nb6 39.
Bxh6 Kxh3 40. g5 Kg4 41. g6 fxg6 42. fxg6 a4 43. g7 a3 44. g8=Q+ Kh3 45. Rd1 Nd5 46. Qc8+ Kh2 47. Qc4 Ne3 48. Bxe3 Rxa2+ 49. Kxa2 1-0

[Event "*** Titled Tuesday Blitz"]
[Site "Chess.com"]
[Date "2020.11.03"]
[Round "1"]
[White "pedromartinez91"]
[Black "Kaslask"]
[Result "1-0"]
[WhiteElo "2589"]
[BlackElo "2275"]
[TimeControl "180+1"]
[EndTime "10:07:48 PST"]
[Termination "pedromartinez91 won on time"]

1. b3 Nf6 2. Bb2 e6 3. Nf3 c5 4. c4 b6 5. g3 Bb7 6. Bg2 Be7 7.
O-O O-O 8. Nc3 d6 9. d4 cxd4 10. Qxd4 a6 11. Rfd1 Qc7 12. Rac1 Nbd7 13. Qe3 Rac8 14.
Nd4 Bxg2 15. Kxg2 Rfe8 16. Kg1 Qb7 17. Qf3 Qxf3 18. Nxf3 Bf8 19. Kg2 Nc5 20. Nd4 Nce4 21.
Nxe4 Nxe4 22. f3 Nf6 23. e4 d5 24. e5 Nd7 25. cxd5 Rxc1 26. Rxc1 exd5 27. f4 f6 28. Rc7 fxe5 29. Rxd7 exd4 30. Bxd4 Bc5 31. Bxc5 bxc5 32.
Rxd5 Re2+ 33. Kh3 Rxa2 34. Rxc5 Rb2 35. Ra5 Rxb3 36. Rxa6 h6 37. Kg4 Rb5 38. h4 h5+ 39. Kh3 Kh7 40. Re6 g6 41. Kg2 Rb3 42. Kf2 Ra3 43. Re3 Ra5 44. Kf3 Kh6 45. Re8 Ra3+ 46. Re3 Ra5 47. Rb3 Ra4 48. Kg2 Ra5 49. Rf3 Rc5 50. Kh3 Ra5 51. Rf1 Ra3 52. f5 gxf5 53. Rxf5 Ra2 54. Rg5 Rb2 55. Rc5 Ra2 56. Rc6+ Kh7 57.
Rc1 Rb2 58. Rg1 Ra2 59. Rg2 Ra3 60. Rf2 Rb3 61. Kg2 Ra3 62. Re2 Rb3 63. Kf2 Ra3 64. Re3 Ra4 65. Kf3 Rb4 66. Re4 Rb1 67. Kf4 Rb3 68.
Re3 Rb5 69. Re5 Rb3 70. Rxh5+ Kg6 71. Re5 Kf6 72. Ra5 Kg6 73. Ra6+ Kh5 74. g4+ 1-0

[Event "*** Titled Tuesday Blitz"]
[Site "Chess.com"]
[Date "2020.11.03"]
[Round "1"]
[White "Kotofeyca"]
[Black "sjam6687"]
[Result "0-1"]
[WhiteElo "2366"]
[BlackElo "2715"]
[TimeControl "180+1"]
[EndTime "10:07:49 PST"]
[Termination "sjam6687 won by resignation"]

1. d4 d5 2. c4 e6 3. Nc3 Nf6 4. cxd5 exd5 5. Bg5 c6 6. e3 Be7 7. Qc2 O-O 8. Bd3 Nbd7 9. Nf3 Re8 10. O-O Nf8 11.
Rab1 a5 12. a3 h6 13. Bh4 Ne4 14. Bxe4 Bxh4 15. Bf5 Bxf5 16. Qxf5 Ng6 17. b4 axb4 18. axb4 Bf6 19. b5 Ra3 20. Rfc1 Qd6 21. bxc6 bxc6 22. g3 Ne7 23. Qc2 Rea8 24. Kg2 Qe6 25. h3 c5 26. Nb5 Ra2 27. Rb2 Rxb2 28. Qxb2 Qb6 29.
Rb1 Rb8 30. Qc2 cxd4 31. Nc3 Qc7 32. Rxb8+ Qxb8 33. Nxd4 Bxd4 34. exd4 g5 35. Qd3 Qd6 36. Qf3 Kg7 37. Nd1 Qf6 38. Qd3 h5 39. Ne3 Qe6 40. Qe2 Qe4+ 41. Qf3 f5 42. Qxe4 dxe4 43. f3 f4 44.
gxf4 gxf4 45. Nc4 e3 46. Ne5 Kf6 47. h4 Nd5 48. Nd3 Kf5 49. Kf1 Ne7 50. Kg2 Nc6 51. d5 Ne5 52. Nc5 Ng6 53. d6 Nxh4+ 54. Kh3 Nxf3 55. d7 Ng5+ 56. Kg2 Nf7 57. Kf3 h4 58. Nd3 h3 59. Nxf4 h2 60. Kg2 Kxf4 61. Kxh2 Kf3 62. d8=Q Nxd8 0-1

[Event "*** Titled Tuesday Blitz"]
[Site "Chess.com"]
[Date "2020.11.03"]
[Round "1"]
[White "Synctel"]
[Black "elisak43"]
[Result "0-1"]
[WhiteElo "2002"]
[BlackElo "2490"]
[TimeControl "180+1"]
[EndTime "10:07:49 PST"]
[Termination "elisak43 won on time"]

1. e4 Nf6 2. e5 Nd5 3. c4 Nb6 4.
d4 d6 5. exd6 cxd6 6. Nc3 g6 7.
Be3 Bg7 8. Rc1 O-O 9. b3 Bf5 10. Nf3 Bg4 11. Be2 Nc6 12. d5 Ne5 13. Nxe5 Bxe2 14.
Nxe2 dxe5 15. O-O f5 16. f3 Qd7 17. Bf2 e6 18. dxe6 Qxe6 19. Qc2 Rad8 20. Rcd1 h6 21.
Nc3 Nd7 22. Nd5 b6 23. Rfe1 Nf6 24. Nxf6+ Bxf6 25. Qc1 Kh7 26. Qa3 Rf7 27. Rxd8 Bxd8 28. Rd1 Rd7 29. Qc1 Bg5 30. Qc2 Qe8 31. b4 Qd8 32.
Rxd7+ Qxd7 33. c5 bxc5 34. bxc5 Qc6 35. Qc4 Kg7 36. h3 Be7 37. a4 a6 38. Be3 h5 39.
Kh2 h4 40. Bf2 Bg5 41. Bxh4 Bxh4 42. Qxh4 Qxc5 43. Qd8 Kf7 44. Qd7+ Kf6 45. Qd8+ Qe7 46. Qd5 Qe6 47. Qd8+ Kf7 48. Qh8 e4 49. Qh7+ Kf6 50. Qh8+ Ke7 51. Qg7+ Kd6 0-1

[Event "*** Titled Tuesday Blitz"]
[Site "Chess.com"]
[Date "2020.11.03"]
[Round "1"]
[White "Harsha_Bharathakoti"]
[Black "guillembaches"]
[Result "1-0"]
[WhiteElo "2805"]
[BlackElo "2401"]
[TimeControl "180+1"]
[EndTime "10:07:51 PST"]
[Termination "Harsha_Bharathakoti won by resignation"]

1. Nf3 d5 2. d4 Nf6 3. c4 e6 4.
Nc3 Be7 5. g3 O-O 6. Bg2 c6 7.
O-O Nbd7 8. b3 b6 9. Bb2 Ba6 10. Qd3 c5 11. Nb5 Ne4 12. Ne5 Nxe5 13. dxe5 Bb7 14. Rfd1 f5 15. exf6 Bxf6 16. Bxe4 dxe4 17. Qxd8 Raxd8 18. Bxf6 gxf6 19. Nxa7 Kf7 20. Nb5 Ke7 21. Kf1 f5 22. e3 h5 23. h4 e5 24. Ke1 f4 25.
Rxd8 Rxd8 26. Rd1 fxg3 27. Rxd8 gxf2+ 28. Kxf2 Kxd8 29. Nd6 Bc8 30. Nxc8 Kxc8 31. a3 Kb7 32. Ke2 Ka6 33. Kd2 Ka5 34. Kc3 Ka6 35. b4 Kb7 36.
Kb3 Ka7 37. Kb2 Kb7 38. Kc2 Ka7 39. Kb3 Kb7 40. a4 Ka6 41. Ka3 Kb7 42. Kb3 Ka6 43. Kc3 Kb7 44. Kb2 Ka6 45. Kb3 Kb7 46. a5 Ka6 47. axb6 Kxb6 48. Ka4 Kc6 49. Ka5 cxb4 50. Kxb4 Kb6 51. c5+ Kc6 52. Kc4 Kb7 53. Kd5 1-0

[Event "*** Titled Tuesday Blitz"]
[Site "Chess.com"]
[Date "2020.11.03"]
[Round "1"]
[White "keepitcoming"]
[Black "rugbyclub"]
[Result "1/2-1/2"]
[WhiteElo "2536"]
[BlackElo "2206"]
[TimeControl "180+1"]
[EndTime "10:07:51 PST"]
[Termination "Game drawn - timeout vs insufficient material"]

1. d4 e6 2. c4 d5 3. Nc3 a6 4.
cxd5 exd5 5. Bf4 Be6 6. e3 Bd6 7. Bxd6 Qxd6 8. Bd3 Nf6 9. Nf3 O-O 10. h3 Nbd7 11. O-O c5 12. Rc1 Rac8 13. Ng5 Rfe8 14. f4 cxd4 15. exd4 h6 16. f5 hxg5 17. fxe6 Rxe6 18.
Qb3 b5 19. Rf5 g4 20. h4 g6 21. Rg5 g3 22. Rf1 Rce8 23. Nxd5 Re1 24. Rxg6+ fxg6 25. Nxf6+ Kh8 26. Nxe8 Qe7 27. Qf7 Rxf1+ 28. Qxf1 Qxe8 29. Qf4 Qe1+ 30. Bf1 Kg7 31. d5 Nf6 32. d6 a5 33. Qd4 Kf7 34. d7 Qf2+ 35. Qxf2 gxf2+ 36. Kxf2 Nxd7 37. Bxb5 Ne5 38. Be2 Kf6 39. Ke3 Ke6 40.
g4 Kf6 41. h5 gxh5 42. gxh5 Nf7 43. Kf4 Nh6 44. a3 Nf7 45. b4 axb4 46. axb4 Nh6 47.
Bf3 Ke6 48. Kg5 Nf7+ 49. Kg6 Ne5+ 50. Kg7 Nxf3 51. h6 Nh4 52. h7 Nf5+ 1/2-1/2

[Event "*** Titled Tuesday Blitz"]
[Site "Chess.com"]
[Date "2020.11.03"]
[Round "1"]
[White "Sibelephant"]
[Black "BigAl"]
[Result "1-0"]
[WhiteElo "3088"]
[BlackElo "2471"]
[TimeControl "180+1"]
[EndTime "10:07:56 PST"]
[Termination "Sibelephant won by resignation"]

1. d4 Nf6 2. Nf3 g6 3. g3 Bg7 4. Bg2 O-O 5. O-O d6 6. Nc3 d5 7. Re1 c6 8. e4 dxe4 9. Nxe4 Nxe4 10. Rxe4 Bf5 11. Re1 Nd7 12. Bg5 Nf6 13. c3 Re8 14.
Qb3 Qb6 15. Nd2 Qxb3 16. axb3 h6 17. Be3 Nd5 18. Nc4 a6 19. Bd2 Rad8 20. b4 Kf8 21. h3 h5 22. Bg5 Bf6 23. Bxf6 Nxf6 24. Na5 Rd7 25. Kh2 Be6 26. Nxc6 bxc6 27. Bxc6 Bc4 28. Ra3 Rc8 29. Bxd7 Nxd7 30. b3 Bd5 31. c4 Bb7 32.
d5 g5 33. Ra5 Nf6 34. Rc5 Rd8 35. Rc7 Rd7 36. Rxd7 Nxd7 37. Kg1 g4 38. hxg4 hxg4 39. Kf1 f6 40. Ke2 Ne5 41. Ke3 Ke8 42. Rh1 Kd7 43.
Rh8 Kc7 44. Kd4 Nf3+ 45. Ke3 Ne1 46. Kd2 Nf3+ 47. Kd3 Ne1+ 48. Kc3 Nf3 49. Re8 Kd7 50. Rg8 Ne5 51. Kd4 Nf3+ 52. Kc5 Nd2 53. Kb6 Bc8 54. c5 Nxb3 55. c6+ Kd6 56. Rxc8 Kxd5 57. Rd8+ Ke6 58. c7 1-0

[Event "*** Titled Tuesday Blitz"]
[Site "Chess.com"]
[Date "2020.11.03"]
[Round "1"]
[White "KetiGrant"]
[Black "enestnrvrd"]
[Result "0-1"]
[WhiteElo "2293"]
[BlackElo "2607"]
[TimeControl "180+1"]
[EndTime "10:07:56 PST"]
[Termination "enestnrvrd won on time"]

1. e4 c6 2. d4 d5 3. Nc3 dxe4 4. Nxe4 Bf5 5. Ng3 Bg6 6. h4 h6 7. Nf3 Nd7 8. h5 Bh7 9. Bd3 Bxd3 10. Qxd3 e6 11. Bf4 Ngf6 12. O-O-O Be7 13. Kb1 O-O 14. Ne4 Nxe4 15. Qxe4 Nf6 16. Qe2 Qd5 17. Ne5 Qe4 18.
Qxe4 Nxe4 19. Be3 Rfd8 20. g4 Bg5 21. f4 Bf6 22. Rhe1 Nd6 23. b3 a5 24. a4 Ne8 25.
Nc4 Nc7 26. g5 Be7 27. gxh6 gxh6 28. f5 Kh7 29. Bf4 Nd5 30. Bd2 exf5 31. Nxa5 Bg5 32. Nxb7 Rdb8 33. Nc5 Bf6 34. Nd7 Rb7 35. Nxf6+ Nxf6 36. Re5 Rxa4 37. Rxf5 Nd5 38. Rdf1 Rxd4 39. Rxf7+ Rxf7 40.
Rxf7+ Kg8 41. Rf2 Rh4 42. Rf5 Kg7 43. c4 Ne7 44. Bc3+ Kg8 45. Re5 Kf7 46. Kb2 Rh3 47. Bd2 Rh2 48. Kc3 Ng8 49. b4 Rh3+ 50. Kd4 Nf6 51. Rf5 Ke6 52. Re5+ Kd6 53. Bf4 Rh4 0-1

[Event "*** Titled Tuesday Blitz"]
[Site "Chess.com"]
[Date "2020.11.03"]
[Round "1"]
[White "AldokhinIvan"]
[Black "gumimis"]
[Result "1-0"]
[WhiteElo "2584"]
[BlackElo "2270"]
[TimeControl "180+1"]
[EndTime "10:07:57 PST"]
[Termination "AldokhinIvan won on time"]

1. d4 Nf6 2. c4 c5 3. d5 b5 4. cxb5 a6 5. Nc3 g6 6. e4 d6 7. Bd2 Bg7 8. a4 O-O 9. Nf3 Qa5 10. Ra3 Nbd7 11. Be2 Bb7 12. O-O axb5 13. axb5 Qb6 14. Qc2 Rfc8 15. Rfa1 e6 16. dxe6 fxe6 17. e5 Nxe5 18. Nxe5 dxe5 19. Bc4 Nd5 20. Rxa8 Rxa8 21. Rxa8+ Bxa8 22. Qd3 Qb7 23. f3 Kh8 24. Ne4 Qa7 25. Qa3 Qxa3 26. bxa3 Bf8 27. a4 Nb6 28. Bb3 c4 29.
Bc2 Bxe4 30. fxe4 Bc5+ 31. Kf1 Bd4 32. a5 Nd7 33. b6 Nxb6 34. axb6 Bxb6 35. Ke2 Bd4 36. Ba4 Kg7 37. Bb4 Kf6 38. Kf3 h5 39.
Bb5 c3 40. Ba4 Kf7 41. Ke2 Kf6 42. Kf3 1-0

[Event "*** Titled Tuesday Blitz"]
[Site "Chess.com"]
[Date "2020.11.03"]
[Round "1"]
[White "GM_dmitrij"]
[Black "GM_LOADING"]
[Result "1/2-1/2"]
[WhiteElo "2952"]
[BlackElo "2470"]
[TimeControl "180+1"]
[EndTime "10:07:58 PST"]
[Termination "Game drawn by repetition"]

1. e4 e5 2. Nf3 Nc6 3. Bb5 g6 4. c3 a6 5. Bxc6 dxc6 6. d4 exd4 7. cxd4 Bg7 8. h3 Ne7 9. O-O h6 10. Nc3 g5 11. Qb3 O-O 12. Be3 Kh8 13. Ne5 Qe8 14. f4 f6 15. Nd3 g4 16. f5 Nxf5 17. Bf2 gxh3 18. exf5 hxg2 19. Kxg2 Bxf5 20. Nf4 Rg8 21. Kh2 Bf8 22. Rae1 Qd7 23. Nce2 Bd6 24. Bg3 Rg4 25. Rf3 Rag8 26. Qe3 Qf7 27. Rg1 Re8 28. Qf2 Be4 29. Re3 f5 30. Nh3 Qh5 31. Bxd6 cxd6 32.
Nf4 Qf7 33. Reg3 Reg8 34. Qe2 Rxg3 35. Rxg3 Rxg3 36. Kxg3 Qxa2 37. Qh5 Qg8+ 38. Kh2 Kh7 39. Qh4 Qg7 40. Qd8 Qxd4 41. Qe7+ Qg7 42. Qxd6 Qxb2+ 43. Kg3 Qc3+ 44. Kf2 Qb2+ 45. Kg3 Qc3+ 46. Kf2 Qf3+ 47.
Ke1 Qe3+ 48. Kf1 Qf3+ 49. Ke1 Qe3+ 50. Kd1 Qb3+ 51. Ke1 Qe3+ 1/2-1/2

[Event "*** Titled Tuesday Blitz"]
[Site "Chess.com"]
[Date "2020.11.03"]
[Round "1"]
[White "sokidze"]
[Black "Pertinhez76"]
[Result "1-0"]
[WhiteElo "2525"]
[BlackElo "2135"]
[TimeControl "180+1"]
[EndTime "10:07:58 PST"]
[Termination "sokidze won on time"]

1. e4 e6 2. d4 d5 3. Nd2 Nf6 4. e5 Nfd7 5. Bd3 c5 6. c3 Nc6 7.
Ne2 cxd4 8. cxd4 f6 9. exf6 Nxf6 10. O-O Bd6 11. Nf3 Qc7 12. Nc3 a6 13. h3 O-O 14.
Be3 Nh5 15. Ng5 Nf6 16. Rc1 Bd7 17. Qd2 Rae8 18. f4 g6 19. Na4 Qb8 20. Nc5 Re7 21.
Nxd7 Nxd7 22. h4 Nf6 23. Nf3 Ng4 24. Ne5 Bxe5 25. dxe5 d4 26. Bf2 Ref7 27. Bg3 Ne3 28. Rf3 Nd5 29. Be4 Qd8 30. Rcf1 Rd7 31. h5 Rg7 32. hxg6 hxg6 33. Qf2 Qb6 34. Bh4 Nce7 35. Bxe7 Nxe7 36. b3 Nf5 37. Bxf5 Rxf5 38. Rd1 Rd7 39. Rfd3 Qd8 40. Rxd4 Rxd4 41. Rxd4 Qf8 42. Qg3 g5 43. fxg5 Rf1+ 44. Kh2 Kg7 45. Rh4 Qf5 46. Rh6 Rf4 47.
Rf6 Qxe5 48. Rxf4 1-0

[Event "*** Titled Tuesday Blitz"]
[Site "Chess.com"]
[Date "2020.11.03"]
[Round "1"]
[White "RobertoJBM"]
[Black "dpopadic"]
[Result "1-0"]
[WhiteElo "2809"]
[BlackElo "2405"]
[TimeControl "180+1"]
[EndTime "10:07:59 PST"]
[Termination "RobertoJBM won on time"]

1. d4 Nf6 2. c4 g6 3. Nc3 Bg7 4. e4 d6 5. Nf3 O-O 6. Be2 e5 7.
O-O Na6 8. Re1 c6 9. Bf1 exd4 10. Nxd4 Ng4 11. h3 Qb6 12. hxg4 Qxd4 13. Qxd4 Bxd4 14.
g5 Nc5 15. Bf4 Be5 16. Bd2 a5 17. Rad1 Re8 18. f3 f6 19. gxf6 Bxf6 20. Be3 Be5 21. Rd2 Be6 22. Red1 a4 23. Nb1 b6 24.
Na3 Rac8 25. Kf2 Bf7 26. g3 Re6 27. Bh3 Rce8 28. Bxe6 Bxe6 29. Kg2 Kf7 30. Rxd6 Bxd6 31. Rxd6 Rc8 32. Bxc5 bxc5 33. Rd2 h5 34. f4 Ke7 35. Kf3 Rb8 36. Ke3 Rb4 37. Kd3 Rb8 38. Kc3 Rh8 39. Rh2 Rd8 40. Rd2 Rh8 41. Rh2 Rd8 42. b3 Ra8 43. Nc2 axb3 44. axb3 Ra2 45. Rd2 Ra8 46. Ne3 Ra1 47. f5 gxf5 48. exf5 Bf7 49.
Re2 Kf6 50. g4 1-0

[Event "*** Titled Tuesday Blitz"]
[Site "Chess.com"]
[Date "2020.11.03"]
[Round "1"]
[White "MPGM"]
[Black "TigrVShlyape"]
[Result "0-1"]
[WhiteElo "2453"]
[BlackElo "2905"]
[TimeControl "180+1"]
[EndTime "10:08:00 PST"]
[Termination "TigrVShlyape won on time"]

1. d4 Nf6 2. c4 e6 3. Nc3 Bb4 4. f3 d5 5. a3 Bxc3+ 6. bxc3 c6 7. e3 b6 8. cxd5 cxd5 9. Bd3 O-O 10. Ne2 Ba6 11. O-O Bxd3 12. Qxd3 Qc8 13. e4 Qa6 14.
Qxa6 Nxa6 15. e5 Nd7 16. a4 Nab8 17. h4 Nc6 18. h5 f6 19. f4 f5 20. Kf2 Rac8 21.
Rg1 Na5 22. g4 fxg4 23. Rxg4 Rf7 24. Be3 Nc6 25. Ke1 Ne7 26. Kd2 Nb8 27. a5 b5 28.
a6 Rc6 29. Rb1 Rb6 30. Kd3 Nxa6 31. Bc1 Nf5 32. Ba3 Rfb7 33. Bb4 Nxb4+ 34. Rxb4 Rc6 35. Rg1 a5 36. Rb2 b4 37. Rgb1 Rc4 38. cxb4 Rcxb4 39. Rxb4 Rxb4 40. Rxb4 axb4 41. Kc2 Kf7 42. Kb3 g6 43.
hxg6+ Kxg6 44. Kxb4 h5 45. Kc5 h4 46. Ng1 Kh5 47. Kc6 Kg4 48. Kd7 Nxd4 49. Kd6 h3 50.
Nxh3 Kxh3 51. f5 Nxf5+ 52. Kxe6 Ne3 53. Kf7 d4 54. e6 Nd5 0-1

[Event "*** Titled Tuesday Blitz"]
[Site "Chess.com"]
[Date "2020.11.03"]
[Round "1"]
[White "NewBornNow"]
[Black "annamaja"]
[Result "1-0"]
[WhiteElo "2631"]
[BlackElo "2311"]
[TimeControl "180+1"]
[EndTime "10:08:00 PST"]
[Termination "NewBornNow won by resignation"]

1. e4 e6 2. d3 d5 3. Qe2 d4 4.
f4 c5 5. Nf3 Nc6 6. g3 Nf6 7.
Bg2 Be7 8. O-O O-O 9. e5 Nd5 10. c4 dxc3 11. Nxc3 Ndb4 12. Rd1 Nd4 13. Nxd4 cxd4 14.
Ne4 Qc7 15. a3 Nd5 16. Qf2 Qb6 17. b4 a5 18. Bb2 axb4 19. Bxd4 Qb5 20. axb4 Rxa1 21.
Bxa1 Nxb4 22. Nd6 Qa4 23. Bf3 Bd7 24. Nxb7 Bc6 25. Nd6 Rd8 26. f5 Bxd6 27. exd6 Nxd3 28. Rxd3 Qxa1+ 29. Rd1 Qa4 30. fxe6 fxe6 31. Qb6 Rc8 32.
Rc1 Bd7 33. Rxc8+ Bxc8 34. Qd8+ Kf7 35. Qxc8 Qd4+ 36. Kg2 Qd2+ 37. Kf1 Qd3+ 38. Be2 Qxd6 39. Qc3 e5 40. Qf3+ Ke7 41. Qd3 h6 42. Qxd6+ Kxd6 43. Bf3 Ke6 44. Be4 Kf6 45. Kf2 g5 46. Kf3 h5 47. Ke3 Ke6 48. Kd3 Kf6 49. Kc4 g4 50. Kd5 h4 51. Kd6 Kg5 52. Kxe5 Kh5 53. Kf4 hxg3 54.
hxg3 Kh6 55. Kxg4 1-0

[Event "*** Titled Tuesday Blitz"]
[Site "Chess.com"]
[Date "2020.11.03"]
[Round "1"]
[White "Miss_JJ20"]
[Black "Jumbo"]
[Result "0-1"]
[WhiteElo "2436"]
[BlackElo "2857"]
[TimeControl "180+1"]
[EndTime "10:08:02 PST"]
[Termination "Jumbo won on time"]

1. d4 Nf6 2. c4 e6 3. g3 c5 4. Nf3 cxd4 5. Nxd4 Nc6 6. Bg2 Qb6 7. e3 Bb4+ 8. Nc3 Ne5 9. Qe2 Qc5 10. O-O Bxc3 11. bxc3 Nxc4 12. a4 a6 13. Rd1 d5 14. e4 Nxe4 15.
Bxe4 dxe4 16. Qxe4 O-O 17. Bf4 e5 18. Nb3 Qc7 19.
Be3 Nxe3 20. Qxe3 Bg4 21. f3 Be6 22. Nc5 Bc4 23. Rab1 b5 24. Nd7 Rfe8 25. Nb6 Rab8 26. a5 Be6 27. Rd3 Bf5 28. Rbd1 Bxd3 29. Rxd3 Rbd8 30.
Nd5 Qxa5 31. Qg5 Kh8 32. Kg2 h6 33. Qe3 Qa2+ 34. Rd2 Qc4 35. Nb4 Rxd2+ 36. Qxd2 a5 37. Nc2 Qc7 38. Ne3 Rd8 39. Qa2 Qa7 40. Nf5 a4 41. h4 a3 42. h5 Kg8 43. Kh3 Qd7 44. g4 Qb7 45. Kg3 Ra8 46. Nd6 Qd7 47. Nf5 Qe6 48. Qe2 a2 49. Qe4 a1=Q 0-1

[Event "*** Titled Tuesday Blitz"]
[Site "Chess.com"]
[Date "2020.11.03"]
[Round "1"]
[White "ChelsieMonica"]
[Black "alexrustemov"]
[Result "0-1"]
[WhiteElo "2329"]
[BlackElo "2660"]
[TimeControl "180+1"]
[EndTime "10:08:02 PST"]
[Termination "alexrustemov won by resignation"]

1. c4 f5 2. Nf3 Nf6 3. e3 g6 4.
d4 Bg7 5. Be2 d6 6. O-O O-O 7.
Nc3 Nc6 8. d5 Ne5 9. Nd4 c5 10.
dxc6 Nxc6 11. Bf3 Bd7 12. b3 Rc8 13. Bb2 Qe8 14. Rc1 Qf7 15. h3 g5 16. Nd5 Kh8 17.
Nxc6 bxc6 18. Nxf6 Bxf6 19. Bxf6+ Qxf6 20. Qd4 c5 21. Qxf6+ Rxf6 22. Rfd1 Kg7 23. e4 fxe4 24. Bxe4 h6 25.
Rd2 a5 26. Rc3 Rb8 27. Rf3 a4 28. bxa4 Bxa4 29. Ra3 Rb4 30. Bd3 Rf8 31. g3 Rfb8 32.
Kg2 Bc6+ 33. Kf1 Rb2 34. Ke2 Rxd2+ 35. Kxd2 Rb2+ 36. Ke3 Kf6 37. Ra6 Bg2 38. f4 Bxh3 39.
fxg5+ hxg5 40. a4 Ra2 41. a5 Bf5 42. Be2 Ra3+ 43. Kf2 Ke5 44. Ra8 Be4 45. Ra7 e6 46. a6 Kd4 47. Rd7 d5 48. a7 Ra2 49. cxd5 exd5 50.
Rg7 Bd3 51. Re7 Bxe2 52. Rxe2 Rxa7 53. Kf3 c4 54. Kg4 Rg7 55. Kf5 c3 56. Kf6 Rg8 57.
Kf7 Rc8 58. Kf6 c2 59. Rxc2 Rxc2 60. Kxg5 Ke5 0-1